Map: Nightshade LE

Players

Bunny - Winner!

  • Race: Terran Terran
  • League: Diamond
  • Spawn Location: 5:00

PtitDrogo

  • Race: Protoss Protoss
  • League: Grandmaster
  • Spawn Location: 11:00

VOD

Have the link to the VOD?

Description

Time

  • Played on: Jan. 14, 2020, 12:55 p.m.
  • Length: 10:33
Show
View Real Time Build Order
Export as new Build Order

Bunny Terran - Winner!

Build Orders: Reaper Expand 

Get SALT Encoding   

  12  0:01  SCV  
  13  0:13  SCV  
  14  0:17  Supply Depot  
  14  0:25  SCV  
  15  0:38  SCV  
  15  0:40  Barracks  
  16  0:44  Refinery  
  16  0:50  SCV  
  17  1:02  SCV  
  18  1:14  SCV  
  19  1:27  Orbital Command  
  19  1:28  Reaper  
  20  1:41  Command Center  
  20  1:52  Supply Depot  
  20  1:53  SCV  
  21  2:00  Marine  
  22  2:05  SCV  
  22  2:06  Factory  
  23  2:11  Refinery  
  23  2:17  SCV  
  23  2:20  Bunker  
  23  2:22  Barracks Reactor  
  24  2:29  SCV  
  25  2:41  SCV  
  26  2:52  Starport  
  26  2:54  Orbital Command  
  26  2:55  Widow Mine  
  28  2:58  SCV  
  28  2:59  Marine x2  
  28  3:01  Orbital Command  
  31  3:10  SCV  
  32  3:17  Marine x2  
  32  3:18  Widow Mine  
  36  3:23  SCV  
  37  3:27  SCV  
  37  3:29  Supply Depot  
  37  3:30  Medivac  
  39  3:35  Marine x2  
  39  3:37  SCV  
  39  3:39  SCV  
  39  3:40  Factory Tech Lab  
  43  3:46  Barracks  
  43  3:49  SCV  
  43  3:51  SCV  
  43  3:53  Marine x2  
  47  4:01  SCV  
  48  4:03  SCV  
  48  4:04  Barracks  
  48  4:07  Supply Depot  
  48  4:08  Factory Tech Lab  
  48  4:09  Raven  
  51  4:12  Marine x2  
  51  4:14  Refinery  
  51  4:15  SCV  
  54  4:21  Supply Depot  
  54  4:28  SCV x2, Engineering Bay  
  56  4:31  Supply Depot  
  56  4:34  Factory Reactor  
  56  4:36  Marine x2  
  58  4:43  SCV x2  
  58  4:45  Stimpack, Marauder  
  58  4:54  Refinery  
  58  4:57  SCV x2  
  58  4:58  Supply Depot  
  60  5:00  Marine x2, Starport Reactor  
  60  5:03  Marauder  
  60  5:04  Combat Shield  
  64  5:09  SCV, Marauder  
  67  5:17  Widow Mine x2  
  67  5:19  Terran Infantry Weapons Level 1  
  67  5:20  SCV  
  72  5:22  SCV  
  72  5:23  Supply Depot  
  73  5:30  Marauder  
  73  5:31  Marauder  
  73  5:32  SCV  
  73  5:34  SCV  
  77  5:36  Medivac  
  79  5:43  Medivac, Supply Depot  
  79  5:44  SCV  
  79  5:46  SCV  
  79  5:49  Marine x2  
  85  5:52  Marauder x2  
  85  5:56  Widow Mine x2  
  93  5:58  SCV  
  94  6:07  Medivac  
  96  6:13  Medivac  
  96  6:15  Command Center  
  96  6:16  Marine  
  96  6:17  Marine  
  100  6:18  Supply Depot  
  100  6:23  Supply Depot  
  100  6:26  Concussive Shells  
  100  6:27  Marine x2  
  102  6:40  SCV x2, Widow Mine  
  106  6:48  Marine  
  106  6:49  Marine, Marauder x2  
  112  6:56  Medivac x2  
  112  6:57  Widow Mine  
  112  7:01  SCV x2  
  115  7:02  Widow Mine  
  103  7:10  Marine, Marauder x2  
  103  7:11  Marine  
  104  7:19  Widow Mine  
  104  7:21  SCV x2  
  102  7:23  Widow Mine  
  102  7:26  Medivac x2  
  102  7:27  Terran Infantry Armor Level 1  
  106  7:34  Marine x2, Marauder x2  
  110  7:39  SCV x2  
  110  7:40  Widow Mine  
  114  7:47  Supply Depot  
  114  7:48  Supply Depot  
  114  7:51  Marine  
  114  7:52  Marine  
  114  7:54  Barracks  
  114  7:55  Barracks, Marauder  
  118  7:59  SCV x2, Marauder, Orbital Command  
  118  8:01  Supply Depot  
  122  8:05  Viking x2  
  122  8:07  Widow Mine x2  
  122  8:12  SCV x2  
  132  8:13  Marine x2  
  134  8:24  SCV x2, Marauder  
  134  8:25  Marauder  
  140  8:27  SCV  
  140  8:30  Marine, Refinery  
  140  8:31  Marine, Refinery  
  140  8:32  Supply Depot  
  140  8:34  Supply Depot  
  143  8:36  SCV x2  
  143  8:39  Medivac x2  
  144  8:46  Widow Mine x2  
  132  8:50  SCV x3  
  132  8:52  Ghost Academy  
  132  8:54  Liberator  
  132  8:55  Marauder x2  
  130  8:58  Barracks Tech Lab  
  130  8:59  Marine x2, Barracks Reactor  
  130  9:02  SCV x3  
  131  9:06  Supply Depot  
  131  9:07  Widow Mine x2  
  135  9:11  Supply Depot  
  135  9:16  Marine  
  135  9:17  Marine  
  135  9:18  Marauder x3, Liberator  
  140  9:28  Widow Mine  
  140  9:29  Widow Mine  
  139  9:34  Marine x2  
  139  9:35  SCV  
  139  9:36  SCV x2  
  147  9:39  Marauder  
  147  9:40  Marauder x2  
  147  9:41  Armory  
  147  9:42  Marine x2  
  152  9:51  Command Center  
  150  9:56  Marine x2  
  150  9:59  Marine  
  152  10:01  Marauder x3  
  162  10:11  Marine  
  162  10:13  Marine  
  162  10:14  Marine  
Show
View Real Time Build Order
Export as new Build Order

PtitDrogo Protoss 

Build Orders: 1 Gate Expand, Archon Immortal 

Get SALT Encoding   

  12  0:01  Probe  
  13  0:13  Probe  
  14  0:18  Pylon  
  14  0:25  Probe  
  15  0:36  Gateway  
  15  0:38  Probe (Chrono Boost)  
  16  0:47  Probe (Chrono Boost)  
  16  0:48  Assimilator  
  17  0:53  Probe  
  18  1:05  Probe  
  19  1:17  Probe  
  20  1:23  Cybernetics Core  
  20  1:33  Nexus  
  20  1:40  Pylon  
  20  1:43  Probe  
  21  1:47  Assimilator  
  21  1:55  Probe  
  21  1:56  Stalker (Chrono Boost)  
  24  2:05  Warp Gate  
  24  2:07  Probe  
  25  2:16  Stalker (Chrono Boost)  
  25  2:21  Probe  
  28  2:34  Probe (Chrono Boost)  
  28  2:35  Robotics Facility  
  29  2:45  Probe (Chrono Boost)  
  33  2:52  Probe (Chrono Boost)  
  33  2:54  Probe (Chrono Boost)  
  33  2:58  Sentry  
  35  2:59  Probe x2 (Chrono Boost)  
  36  3:09  Gateway  
  36  3:10  Probe  
  36  3:11  Probe, Gateway  
  37  3:22  Probe  
  37  3:23  Probe  
  37  3:24  Observer (Chrono Boost)  
  40  3:34  Probe  
  40  3:35  Probe  
  40  3:37  Observer (Chrono Boost)  
  40  3:39  Pylon  
  43  3:48  Probe (Chrono Boost)  
  45  3:50  Probe (Chrono Boost), Assimilator  
  45  3:52  Assimilator  
  45  3:57  Pylon  
  45  3:59  Probe (Chrono Boost)  
  45  4:00  Observer  
  45  4:01  Probe (Chrono Boost)  
  48  4:05  Probe (Chrono Boost), Nexus  
  49  4:10  Pylon  
  49  4:13  Probe (Chrono Boost)  
  49  4:15  Stalker  
  52  4:17  Probe (Chrono Boost)  
  52  4:21  Stalker  
  56  4:26  Probe (Chrono Boost)  
  56  4:27  Probe (Chrono Boost)  
  57  4:31  Probe  
  57  4:34  Probe  
  57  4:37  Stalker  
  61  4:43  Probe  
  62  4:47  Probe  
  62  4:50  Stalker x2  
  63  4:55  Probe  
  63  4:59  Probe  
  65  5:02  Twilight Council  
  65  5:03  Forge  
  65  5:08  Probe (Chrono Boost)  
  67  5:16  Probe (Chrono Boost)  
  67  5:19  Probe (Chrono Boost)  
  69  5:22  Probe (Chrono Boost), Protoss Ground Armor Level 1 (Chrono Boost)  
  69  5:24  Probe (Chrono Boost)  
  69  5:25  Probe (Chrono Boost), Charge (Chrono Boost)  
  71  5:30  Probe, Warp Prism  
  71  5:34  Probe  
  71  5:35  Probe  
  76  5:41  Templar Archives  
  76  5:42  Probe  
  77  5:43  Pylon  
  77  5:46  Probe  
  78  5:51  Gateway  
  78  5:52  Gateway  
  79  5:58  Gateway  
  79  6:02  Gateway  
  79  6:03  Gateway  
  78  6:05  Pylon  
  78  6:08  Photon Cannon  
  78  6:09  Observer  
  78  6:10  Shield Battery  
  78  6:14  Observer  
  78  6:15  Immortal  
  78  6:17  High Templar x2  
  78  6:18  High Templar  
  88  6:22  Pylon  
  88  6:23  Archon  
  86  6:32  Pylon  
  85  6:46  Zealot  
  86  6:50  Stalker x3  
  86  6:51  High Templar  
  86  6:52  Zealot  
  92  6:59  Archon, Zealot x2  
  87  7:01  Probe  
  87  7:04  Probe  
  76  7:10  Zealot  
  76  7:12  Protoss Ground Weapons Level 1 (Chrono Boost)  
  65  7:16  Probe x2, Zealot x4  
  68  7:27  High Templar x2  
  68  7:28  Sentry  
  74  7:35  Archon  
  74  7:36  Zealot x4  
  82  7:37  Immortal (Chrono Boost)  
  82  7:41  Probe x2  
  82  7:42  Pylon  
  88  7:46  Blink (Chrono Boost)  
  88  7:50  Observer  
  88  7:54  Photon Cannon  
  86  8:02  Assimilator  
  86  8:04  Assimilator  
  86  8:09  Immortal, Photon Cannon  
  86  8:10  Shield Battery  
  90  8:18  High Templar x2  
  90  8:19  Zealot x3  
  98  8:21  Zealot x2  
  98  8:22  Archon  
  98  8:26  Zealot  
  102  8:40  Zealot x3  
  107  8:47  Immortal (Chrono Boost)  
  107  8:48  Zealot x3  
  99  8:50  Stalker  
  89  8:58  Stalker  
  76  9:02  Probe  
  76  9:08  High Templar x2  
  76  9:09  Zealot x4  
  84  9:14  Archon  
  84  9:15  Probe  
  80  9:17  Stalker  
  80  9:25  Zealot  
  80  9:30  Zealot x4  
  81  9:38  Immortal (Chrono Boost)  
  83  9:45  Stalker  
  83  9:52  Sentry  
  83  9:57  High Templar  
  83  9:58  High Templar, Zealot x3  
  93  10:00  Zealot  
  93  10:01  Archon  
  93  10:09  Stalker  
  97  10:18  Zealot  
  97  10:20  Zealot x2  
  85  10:25  Zealot x2  
Tags
 
Add a new tag
Caveats
  • Supply blocks, unpowered buildings, or Contaminate may cause inaccurate times.
  • Supply counts are checked every 10 seconds.